 Dungeon Crawl Stone Soup version 0.27-a0-169-gd3d0dda1a4 (webtiles) character file.

Game seed: 14183811605144747598

10312 Ratatosk the Destroyer (level 11, 0/79 (83) HPs)
             Began as a Gnoll Conjurer on Jan 26, 2021.
             Was a Priest of Ru.
             Killed from afar by a necromancer (23 damage)
             ... with a bolt of fire
             ... on level 10 of the Dungeon on Jan 28, 2021.
             The game lasted 01:02:22 (15401 turns).

Ratatosk the Destroyer (Gnoll Conjurer)            Turns: 15401, Time: 01:02:23

HP:   0/79 (83)     AC:  8    Str:  9    XL:     11   Next: 60%
MP:   7/7           EV: 20    Int: 18    God:    Ru [***...]
Gold: 664           SH:  5    Dex: 11    Spells: 19/26 levels left

rFire    . . .     SeeInvis .   m - +0 spear (antimagic)
rCold    . . .     Faith    .   (no shield)
rNeg     . . .     Spirit   .   G - +2 robe {Will+}
rPois    .         Reflect  +   (no helmet)
rElec    .         Harm     .   (no cloak)
rCorr    .         Rampage  .   C - +0 pair of gloves
Will     .....                  K - +1 pair of boots
Stlth    +++.......             j - amulet of reflection
HPRegen  0.23/turn              c - ring of wizardry
MPRegen  0.10/turn              t - +4 ring of evasion

@: exhausted, lightly drained
A: distributed training, fangs 1, inability to use devices, weak-willed 1,
strong nose
a: Renounce Religion, Draw Out Power


You were on level 10 of the Dungeon.
You worshipped Ru.
Ru was most pleased with you.
You visited 2 branches of the dungeon, and saw 11 of its levels.

You collected 664 gold pieces.

Inventory:

Hand Weapons
 a - a +1 trident of venom
 b - the +2 long sword of the Jolly Xeniums {speed, +Rage Will+ Str-5 Int+3}
   (You found it on level 6 of the Dungeon)

   Attacks with this weapon are significantly faster.
   It affects your strength (-5).
   It affects your intelligence (+3).
   It affects your willpower, your defense against some magical effects.
   It lets you go berserk.
 m - a +0 antimagic spear (weapon)
 u - a +0 great sword of holy wrath
 x - a +0 hunting sling
 P - a +5 flail of freezing
 Q - a +2 dagger of venom
Missiles
 i - 45 poisoned darts
 w - 313 stones
 y - 55 sling bullets
 z - a throwing net
Armour
 h - +0 steam dragon scales
 C - a +0 pair of gloves (worn)
 G - a +2 robe of willpower (worn)
 K - a +1 pair of boots (worn)
 L - a +0 leather armour of fire resistance
Jewellery
 c - a ring of wizardry (left hand)
 e - an uncursed ring of positive energy
 j - an amulet of reflection (around neck)
 n - a +6 ring of dexterity
 r - an uncursed ring of ice
 t - a +4 ring of evasion (right hand)
 v - an uncursed ring of protection from fire {unknown}
 N - an uncursed ring of wizardry
Scrolls
 d - 5 scrolls of teleportation
 p - 7 scrolls of amnesia
 B - 2 scrolls of fog
 E - a scroll of blinking {unknown}
 F - 3 scrolls of magic mapping
 M - a scroll of remove curse
 R - a scroll of enchant armour
 S - a scroll of silence {unknown}
 T - a scroll of enchant weapon {unknown}
Potions
 f - 3 potions of might
 g - 2 potions of haste
 k - 4 potions of curing
 l - 3 potions of berserk rage
 o - a potion of magic
 q - a potion of heal wounds
 s - a potion of flight
 A - 2 potions of mutation
 D - a potion of ambrosia {unknown}
 H - a potion of resistance
 I - a potion of attraction {unknown}
 J - 2 potions of brilliance {unknown}
 O - a potion of cancellation {unknown}


   Skills:
 + Level 6.4 Fighting
 + Level 6.4 Short Blades
 + Level 6.4 Long Blades
 + Level 6.4 Axes
 + Level 6.4 Maces & Flails
 + Level 6.4 Polearms
 + Level 6.4 Staves
 + Level 6.4 Slings
 + Level 6.4 Bows
 + Level 6.4 Crossbows
 + Level 6.4 Throwing
 + Level 6.4 Armour
 + Level 8.0 Dodging
 + Level 7.8 Stealth
 + Level 6.4 Shields
 + Level 6.4 Unarmed Combat
 + Level 8.2 Spellcasting
 + Level 9.0 Conjurations
 + Level 5.3 Hexes
 + Level 5.3 Summonings
 + Level 5.3 Necromancy
 + Level 5.3 Translocations
 + Level 5.3 Transmutations
 + Level 5.3 Fire Magic
 + Level 5.3 Ice Magic
 + Level 5.3 Air Magic
 + Level 5.3 Earth Magic
 + Level 5.3 Poison Magic
 + Level 7.1 Invocations
   Level 0.0 Evocations


You had 19 spell levels left.
You knew the following spells:

 Your Spells              Type           Power        Failure   Level
a - Magic Dart            Conj           100%         1%          1
b - Searing Ray           Conj           80%          1%          2
c - Fulminant Prism       Conj/Hex       16%          1%          4

Your spell library contained the following spells:

 Spells                   Type           Power        Failure   Level
 Dazzling Flash           Conj/Hex       66%          1%          3
 Iskenderun's Mystic Bla  Conj/Tloc      33%          1%          4
 Irradiate                Conj/Tmut      16%          6%          5
 Hydra Form               Tmut           13%          52%         6
 Statue Form              Tmut/Erth      17%          52%         6
 Dragon Form              Tmut           13%          96%         7


Dungeon Overview and Level Annotations

Branches:
Dungeon (10/15)            Temple (1/1) D:7            Lair (0/6) D:9
    Orc: D:9-12

Altars:
Ashenzari
Cheibriados
Dithmenos
Elyvilon
Fedhas
Gozag
Hepliaklqana
Kikubaaqudgha
Makhleb
Nemelex Xobeh
Okawaru
Qazlal
Ru
Sif Muna
Trog
Uskayaw
Vehumet
Wu Jian
Xom
Yredelemnul
Zin
The Shining One

Shops:
D:8 }

Portals:
Trove: D:10 (give 15 potions of curing)

Annotations:
D:7 3 runed translucent doors, exclusions: 3 doors and downstairs, mokwee's ghost, novice MiFi


Innate Abilities, Weirdness & Mutations

Your experience applies equally to all skills.
You have very sharp teeth.
You cannot study or use magical devices.
You are slightly weak-willed. (Will-)
Your uncanny sense of smell can sniff out nearby items.


Message History

You miss something. Something hits you but does no damage.
You closely miss something. Something hits you but does no damage.
You hit something. You bite something. You miss something.
You hear some strange, mumbled words.
A bolt of fire appears from out of thin air!
The bolt of fire hits you!!!
* * * LOW HITPOINT WARNING * * *
You hit something.
You are restored by drawing out deep reserves of power within.
You feel drained.
You hear some strange, mumbled words.
A bolt of fire appears from out of thin air!
The bolt of fire misses you.
You barely miss something.
A wight comes into view.
It is wielding a +7 scimitar of freezing.
You hear some strange, mumbled words.
A bolt of fire appears from out of thin air!
The bolt of fire hits you!!
You die...

#... .#
#..#######.#
###{.#.....'.#
#....#.....'.
#....#.....#
#....#....<#
#....#.....#
##...##.....#
#....#.@....#
#..{.+{.....#
#....#......#
#....###'####..#
#........z......
#...............
#...............
#...............
#...............


You could see a wight.

Vanquished Creatures
  Josephine (D:9)
  A two-headed ogre (D:9)
  Maggie (D:7)
  A komodo dragon (D:9)
  A troll (D:9)
  Grinder (D:3)
  A hornet (D:9)
  2 shadows
  A flying skull (D:10)
  4 yaks (D:10)
  A wraith (D:10)
  Grum (D:8)
  A wyvern (D:7)
  2 water moccasins
  The ghost of Descartes the Covert, an amateur FeDe (D:3)
  3 ice beasts
  2 orc warriors (D:8)
  A phantom (D:10)
  3 sky beasts
  4 ogres
  3 black bears
  A necrophage (D:9)
  4 centaurs
  2 wolves (D:8)
  4 big kobolds
  10 bullfrogs
  A wyvern skeleton (D:9)
  4 killer bees (D:7)
  10 wights
  3 bullfrog skeletons
  5 centaur zombies
  3 iron imps (D:8)
  3 hounds
  6 jellies
  13 orc wizards
  5 orc priests
  A centaur skeleton (D:8)
  Jessica (D:3)
  4 iguanas
  14 worker ants
  A hound zombie (D:10)
  3 hound skeletons
  2 worker ant zombies
  A howler monkey zombie (D:6)
  6 adders
  18 gnolls
  4 white imps
  3 ufetubi
  2 oozes
  An adder skeleton (D:4)
  3 worms (D:2)
  2 dart slugs
  6 leopard geckos
  37 orcs
  16 giant cockroaches
  5 goblins
  3 hobgoblins
  12 jackals
  24 kobolds
  4 quokkas
  5 ball pythons
  7 bats
  3 frilled lizards (D:5)
  3 leopard gecko skeletons
  A quokka zombie (D:8)
  10 rats
  6 fulminant prisms
318 creatures vanquished.

Vanquished Creatures (others)
  A hornet zombie (D:10)
  37 fulminant prisms
  26 plants
64 creatures vanquished.

Grand Total: 382 creatures vanquished

Notes
Turn   | Place    | Note
-------+----------+-------------------------------------------
     0 | D:1      | Ratatosk the Gnoll Conjurer began the quest for the Orb.
     0 | D:1      | Reached XP level 1. HP: 13/13 MP: 6/6
   170 | D:1      | Reached XP level 2. HP: 19/19 MP: 4/7
   247 | D:1      | Learned a level 2 spell: Searing Ray
   831 | D:1      | Reached XP level 3. HP: 19/25 MP: 6/9
   837 | D:1      | Reached skill level 5 in Spellcasting
  1186 | D:2      | Found an opulent altar of Gozag.
  1199 | D:2      | Reached skill level 1 in Invocations
  1520 | D:2      | Reached skill level 1 in Fighting
  1520 | D:2      | Reached skill level 1 in Short Blades
  1520 | D:2      | Reached skill level 1 in Long Blades
  1520 | D:2      | Reached skill level 1 in Axes
  1520 | D:2      | Reached skill level 1 in Maces & Flails
  1520 | D:2      | Reached skill level 1 in Polearms
  1520 | D:2      | Reached skill level 1 in Staves
  1520 | D:2      | Reached skill level 1 in Slings
  1520 | D:2      | Reached skill level 1 in Bows
  1520 | D:2      | Reached skill level 1 in Crossbows
  1520 | D:2      | Reached skill level 1 in Throwing
  1520 | D:2      | Reached skill level 1 in Armour
  1520 | D:2      | Reached skill level 1 in Shields
  1520 | D:2      | Reached skill level 1 in Unarmed Combat
  1520 | D:2      | Reached skill level 1 in Evocations
  1685 | D:2      | Reached XP level 4. HP: 32/32 MP: 7/11
  2349 | D:3      | Reached skill level 1 in Hexes
  2349 | D:3      | Reached skill level 1 in Summonings
  2349 | D:3      | Reached skill level 1 in Necromancy
  2349 | D:3      | Reached skill level 1 in Translocations
  2349 | D:3      | Reached skill level 1 in Transmutations
  2349 | D:3      | Reached skill level 1 in Fire Magic
  2349 | D:3      | Reached skill level 1 in Ice Magic
  2349 | D:3      | Reached skill level 1 in Air Magic
  2349 | D:3      | Reached skill level 1 in Earth Magic
  2349 | D:3      | Reached skill level 1 in Poison Magic
  2532 | D:3      | Noticed Grinder
  2541 | D:3      | Killed Grinder
  2542 | D:3      | Reached skill level 5 in Dodging
  2542 | D:3      | Reached XP level 5. HP: 18/38 MP: 2/12
  2542 | D:3      | Reached XP level 6. HP: 21/44 MP: 2/14
  2760 | D:3      | Noticed Jessica
  2765 | D:3      | Killed Jessica
  2806 | D:3      | Found a runed translucent door.
  2807 | D:3      | Noticed Descartes's ghost (amateur FeDe)
  3545 | D:3      | Killed Descartes's ghost
  3546 | D:3      | Reached XP level 7. HP: 40/50 MP: 9/15
  3863 | D:4      | Learned a level 4 spell: Fulminant Prism
  5283 | D:5      | Entered Level 5 of the Dungeon
  5319 | D:5      | Found a shadowy altar of Dithmenos.
  5330 | D:5      | Reached skill level 5 in Stealth
  5595 | D:5      | Reached XP level 8. HP: 28/57 MP: 3/16
  7202 | D:6      | Got a crystal long sword
  7202 | D:6      | Identified the +2 long sword of the Jolly Xeniums {speed,
                  | +Rage Will+ Str-5 Int+3} (You found it on level 6 of the
                  | Dungeon)
  7870 | D:6      | Found an ornate altar of the Wu Jian Council.
  7952 | D:7      | Reached XP level 9. HP: 48/65 MP: 18/18
  8201 | D:7      | Found a staircase to the Ecumenical Temple.
  8220 | Temple   | Entered the Ecumenical Temple
  8373 | Temple   | Became a worshipper of Ru the Awakened
  8597 | D:7      | Reached skill level 8 in Conjurations
  8731 | D:7      | Found a runed translucent gate.
  8731 | D:7      | Found a runed translucent gate.
  8731 | D:7      | Found a runed translucent gate.
  8734 | D:7      | Noticed mokwee's ghost (novice MiFi)
  9684 | D:7      | Reached skill level 5 in Invocations
  9946 | D:8      | Noticed Grum
  9997 | D:8      | Noticed Maggie
 10170 | D:7      | Killed Maggie
 10171 | D:7      | Reached XP level 10. HP: 73/73 MP: 3/20
 10364 | D:8      | Reached skill level 5 in Fighting
 10364 | D:8      | Reached skill level 5 in Short Blades
 10364 | D:8      | Reached skill level 5 in Long Blades
 10364 | D:8      | Reached skill level 5 in Axes
 10364 | D:8      | Reached skill level 5 in Maces & Flails
 10364 | D:8      | Reached skill level 5 in Polearms
 10364 | D:8      | Reached skill level 5 in Staves
 10364 | D:8      | Reached skill level 5 in Slings
 10364 | D:8      | Reached skill level 5 in Bows
 10364 | D:8      | Reached skill level 5 in Crossbows
 10364 | D:8      | Reached skill level 5 in Throwing
 10364 | D:8      | Reached skill level 5 in Armour
 10364 | D:8      | Reached skill level 5 in Shields
 10364 | D:8      | Reached skill level 5 in Unarmed Combat
 10364 | D:8      | Reached skill level 5 in Evocations
 10488 | D:8      | Gained mutation: You cannot study or use magical devices.
                  | [Ru sacrifice]
 10488 | D:8      | Reached * piety under Ru
 10488 | D:8      | Reached ** piety under Ru
 10692 | D:8      | Killed Grum
 11285 | D:8      | Found Ymaff's Gadget Shoppe.
 11380 | D:8      | Got a masterwork scale mail
 11390 | D:8      | Identified the +6 scale mail "Dimymouts" {-Cast Rampage
                  | rPois Will+} (You found it on level 8 of the Dungeon)
 11582 | D:8      | Found a burning altar of Makhleb.
 12024 | D:9      | Upgraded the game from 0.27-a0-141-g0b64aa269c to
                  | 0.27-a0-169-gd3d0dda1a4
 12272 | D:9      | Found a burning altar of Makhleb.
 12363 | D:9      | Found a shimmering blue altar of Sif Muna.
 12364 | D:9      | Found a hide-covered altar of Uskayaw.
 12463 | D:9      | Found a staircase to the Lair.
 12749 | D:9      | Paralysed by a hornet for 3 turns
 13047 | D:9      | Noticed a two-headed ogre
 13054 | D:9      | Killed a two-headed ogre
 13055 | D:9      | Reached XP level 11. HP: 78/81 MP: 4/22
 13563 | D:9      | Reached skill level 5 in Hexes
 13563 | D:9      | Reached skill level 5 in Summonings
 13563 | D:9      | Reached skill level 5 in Necromancy
 13563 | D:9      | Reached skill level 5 in Translocations
 13563 | D:9      | Reached skill level 5 in Transmutations
 13563 | D:9      | Reached skill level 5 in Fire Magic
 13563 | D:9      | Reached skill level 5 in Ice Magic
 13563 | D:9      | Reached skill level 5 in Air Magic
 13563 | D:9      | Reached skill level 5 in Earth Magic
 13563 | D:9      | Reached skill level 5 in Poison Magic
 13975 | D:9      | Found a stormy altar of Qazlal.
 13977 | D:9      | Found an ancient bone altar of Kikubaaqudgha.
 13979 | D:9      | Found a hazy altar of Hepliaklqana.
 14014 | D:9      | Gained mutation: You are slightly weak-willed. (Will-) [Ru
                  | sacrifice]
 14014 | D:9      | Reached *** piety under Ru
 14026 | D:10     | Entered Level 10 of the Dungeon
 14859 | D:10     | Noticed a necromancer
 14925 | D:10     | Found a portal to a secret trove of treasure.
 14933 | D:10     | Noticed Josephine
 14964 | D:9      | Killed Josephine
 14965 | D:9      | Reached skill level 9 in Conjurations
 15401 | D:10     | Killed from afar by a necromancer

Illustrated notes

Levels and vault maps discovered:
D:1:      ncdulo_lavacross, layout_loops_ring
D:2:      minmay_roachtagon, layout_basic,
          nicolae_gozag_cash_rules_everything_around_me
D:3:      layout_basic, gammafunk_ghost_grave, serial_curves, eino_curves_03,
          eino_curves_01, uniq_grinder, uniq_jessica
D:4:      wad_lake_hut, layout_basic
D:5:      layout_basic, st_stairs_4, grunt_ministairs_1, moated_statue,
          grunt_dithmenos_smoke_and_mirrors
D:6:      layout_rooms, lemuel_crystal_altar, kennysheep_generic_room_14
D:7:      layout_gridville, temple_green, gammafunk_ghost_necromancy
D:8:      layout_rooms, demons_altar, serial_shops, kennysheep_mini,
          st_stairs_10, uniq_grum, uniq_maggie
D:9:      layout_roguey, minitemple, david_lair_shrubbed,
          makhleb_blood_cavern_becter
D:10:     hangedman_screamer, layout_irregular_city,
          nicolae_trove_entry_free_sample
Temple:   jpeg_temple_clearing

Skill      XL: |  1  2  3  4  5  6  7  8  9 10 11 |
---------------+----------------------------------+-----
Spellcasting   | 5 6 7 8 |  8.2
Invocations    | 1 2 3 4 5 6 7 |  7.1
Fighting       | 1 2 3 4 5 6 |  6.4
Short Blades   | 1 2 3 4 5 6 |  6.4
Long Blades    | 1 2 3 4 5 6 |  6.4
Axes           | 1 2 3 4 5 6 |  6.4
Maces & Flails | 1 2 3 4 5 6 |  6.4
Polearms       | 1 2 3 4 5 6 |  6.4
Staves         | 1 2 3 4 5 6 |  6.4
Slings         | 1 2 3 4 5 6 |  6.4
Bows           | 1 2 3 4 5 6 |  6.4
Crossbows      | 1 2 3 4 5 6 |  6.4
Throwing       | 1 2 3 4 5 6 |  6.4
Armour         | 1 2 3 4 5 6 |  6.4
Shields        | 1 2 3 4 5 6 |  6.4
Unarmed Combat | 1 2 3 4 5 6 |  6.4
Evocations     | 1 2 3 4 0 |  0.0
Hexes          | 1 2 3 4 5 |  5.3
Summonings     | 1 2 3 4 5 |  5.3
Necromancy     | 1 2 3 4 5 |  5.3
Translocations | 1 2 3 4 5 |  5.3
Transmutations | 1 2 3 4 5 |  5.3
Fire Magic     | 1 2 3 4 5 |  5.3
Ice Magic      | 1 2 3 4 5 |  5.3
Air Magic      | 1 2 3 4 5 |  5.3
Earth Magic    | 1 2 3 4 5 |  5.3
Poison Magic   | 1 2 3 4 5 |  5.3
Dodging        | 5 6 7 8 |  8.0
Stealth        | 5 6 7 |  7.8
Conjurations   | 8 9 |  9.0

Action                   |  1- 3 |  4- 6 |  7- 9 | 10-12 || total
-------------------------+-------+-------+-------+-------++-------
Melee: Unarmed           |     8 |       |       |       ||     8
       Bite              |     2 |       |     5 |    28 ||    35
       Dagger            |    20 |     1 |    27 |       ||    48
       Long sword        |       |       |    20 |       ||    20
       Punch             |       |       |     3 |     7 ||    10
       Trident           |       |       |    21 |   279 ||   300
       Great sword       |       |       |       |     9 ||     9
       Spear             |       |       |       |    22 ||    22
       Flail             |       |       |       |    18 ||    18
 Cast: Magic Dart        |    73 |    58 |   304 |   283 ||   718
       Searing Ray       |     2 |     4 |    21 |     8 ||    35
       Fulminant Prism   |       |       |    11 |    32 ||    43
Invok: Sacrifice Artific |       |       |       |     1 ||     1
       Draw Out Power    |       |       |       |     1 ||     1
       Sacrifice Essence |       |       |       |     1 ||     1
  Use: Scroll            |       |       |    18 |     1 ||    19
       Potion            |       |       |     1 |       ||     1
 Stab: Sleeping          |     1 |     1 |     1 |     2 ||     5
       Distracted        |       |       |       |     1 ||     1
Armor: Robe              |     7 |       |       |    12 ||    19
       Leather armour    |       |       |    11 |       ||    11
       Steam dragon scal |       |       |       |    55 ||    55
Dodge: Dodged            |    24 |     5 |   118 |   223 ||   370
Block: Other             |       |       |    34 |    50 ||    84
       Reflection        |       |       |     6 |     2 ||     8
       Rpst.: Long sword |       |       |    14 |       ||    14
       Great sword       |       |       |       |     2 ||     2

Table legend: (Time is in decaauts)
 A = Elapsed time spent in this place.
 B = Non-inter-level travel time spent in this place.
 C = Inter-level travel time spent in this place.
 D = Time resting spent in this place.
 E = Time spent auto-exploring this place.
 F = Levels seen in this place.
 G = Mean time per level.
                   A        B        C        D        E       F      G
               +--------+--------+--------+--------+--------+-----+--------+
         Total |  15431 |  14761 |    670 |   1672 |  10722 |  11 | 1402.8 |
       Dungeon |  15260 |  14626 |    634 |   1672 |  10589 |  10 | 1526.0 |
        Temple |    171 |    135 |     36 |      0 |    133 |   1 |  171.0 |
               +--------+--------+--------+--------+--------+-----+--------+

Top non-repeatable levels by time:
     D:9: 2228 daAuts
     D:7: 2100 daAuts
     D:8: 1601 daAuts
     D:4: 1583 daAuts
     D:5: 1557 daAuts
     D:3: 1413 daAuts
    D:10: 1273 daAuts
     D:2: 1208 daAuts
     D:6: 1185 daAuts
     D:1: 1108 daAuts
  Temple: 171 daAuts
